 Dungeon Crawl Stone Soup version 0.15-a0-462-gf669498 (webtiles) character file.

248 Infinimo the Ruffian (level 5, -1/44 HPs)
             Began as a Naga Transmuter on May 7, 2014.
             Slain by a hobgoblin (2 damage)
             ... on Level 2 of the Dungeon.
             The game lasted 00:05:43 (2795 turns).

Infinimo the Ruffian (Naga Transmuter)              Turns: 2795, Time: 00:05:44

HP  -1/44        AC  3     Str 13      XL: 5   Next: 11%
MP   9/9         EV 10     Int 14      God:
Gold 121         SH  0     Dex 11      Spells:  1 memorised,  7 levels left

rFire  . . .     SeeInvis +       - Unarmed
rCold  . . .     Clarity  .     c - +0 robe
rNeg   . . .     Conserve .     (no shield)
rPois  +         rCorr    .     (no helmet)
rElec  .         rRot     .     (no cloak)
SustAb . .       Spirit   .     l - +0 pair of gloves
rMut   .         Warding  .     (no barding)
Saprov . . .     Stasis   .     (no amulet)
MR     .....                    (no ring)
                                (no ring)

@: short of breath, very slow, not resistant to hostile enchantments, very
unstealthy
A: spit poison, see invisible, deformed body, poison resistance, slowness 2, AC
+1
a: Spit Poison


You were on level 2 of the Dungeon.
You were not hungry.

You visited 1 branch of the dungeon, and saw 3 of its levels.

You collected 121 gold pieces.

Inventory:

Missiles
 b - 12 arrows
Armour
 c - a +0 robe (worn)
 l - a +0 pair of gloves (worn)
Comestibles
 a - 4 bread rations
 k - a meat ration
 t - a chunk of adder flesh
Scrolls
 e - a scroll of enchant weapon II
 f - a scroll of magic mapping
 g - 2 scrolls of remove curse
 i - 2 scrolls of fog
Jewellery
 n - a cursed ring of loudness {unknown}
 q - an uncursed amulet of warding {unknown}
Potions
 h - 2 potions of mutation
Books
 d - a book of Changes

   Spells                             Type                      Level
   *Beastly Appendage                 Transmutation                1
   Sticks to Snakes                   Transmutation                2
   Spider Form                        Transmutation/Poison         3
   Ice Form                           Ice/Transmutation            4
   Blade Hands                        Transmutation                5


   Skills:
 - Level 1.0 Fighting
 - Level 1.5 Dodging
 * Level 4.8 Unarmed Combat
 - Level 2.0 Spellcasting
 + Level 3.3 Transmutations


You had 7 spell levels left.
You knew the following spells:

 Your Spells              Type           Power        Failure   Level  Hunger
a - Beastly Appendage     Trmt           ##....       10%         1    ##.....


Dungeon Overview and Level Annotations

Branches:
Dungeon (3/15)

Altars:
Dithmenos
Zin

Annotations:
D:2 Sigmund


Innate Abilities, Weirdness & Mutations

You cannot wear boots.
You can spit poison.
Your serpentine skin is tough (AC +1).
You have supernaturally acute eyesight.
Armour fits poorly on your strangely shaped body.
Your system is resistant to poisons.
You cover ground very slowly.


Message History

Your resistance to elements expires.
The hobgoblin shouts!
The hobgoblin hits you.
* * * LOW HITPOINT WARNING * * *
You feel a little less agile now.
There is a stone staircase leading up here.
The hobgoblin hits you.
* * * LOW HITPOINT WARNING * * *
You climb upwards.
Level annotation: Sigmund
There is a stone staircase leading down here.
The hobgoblin is lightly wounded.
The hobgoblin hits you.
* * * LOW HITPOINT WARNING * * *
Use which ability? (? or * to list)
Press: ? - help, Shift-Dir - straight line, f - hobgoblin
Aim: a hobgoblin (lightly wounded)
The splash of poison misses the hobgoblin.
You feel slightly more hungry. The hobgoblin hits you.
You die...

#......(.# #........#
######.#######################
#............................
#####.###.#################....<.
.........................%.......
####.............##########......
#...##.######.# #...... #.(.##.#
#@######## #...... #...##.#
#g#......# #......
######.######.#......# #......
#.........#......# #......
#.........#......# #####.#
########.........#......# #.#
........................#######.#
#########.#####.##......#.....#.#
# #.#####.##..)..%#.....#.#


You could see a hobgoblin.

Vanquished Creatures
  An orc priest (D:3)
  2 adders
  2 worms (D:2)
  An inept feature mimic (D:3)
  2 giant geckos
  An ooze (D:1)
  2 orcs (D:3)
  6 bats
  9 goblins
  6 hobgoblins
  4 jackals (D:2)
  A quokka (D:2)
  4 giant cockroaches
  A giant newt (D:1)
  6 kobolds
  16 rats
64 creatures vanquished.

Vanquished Creatures (others)
  An orc wizard (D:3)
  An orc (D:3)
2 creatures vanquished.

Grand Total: 66 creatures vanquished

Notes
Turn   | Place    | Note
--------------------------------------------------------------
     0 | D:1      | Infinimo, the Naga Transmuter, began the quest for the Orb.
     0 | D:1      | Reached XP level 1. HP: 18/18 MP: 3/3
   447 | D:1      | Reached XP level 2. HP: 19/25 MP: 4/4
  1098 | D:2      | Reached XP level 3. HP: 24/31 MP: 4/6
  1579 | D:2      | Reached skill level 4 in Unarmed Combat
  1812 | D:2      | Reached XP level 4. HP: 24/38 MP: 7/7
  1911 | D:2      | Noticed Sigmund
  2600 | D:3      | Found a shadowy altar of Dithmenos.
  2686 | D:3      | Reached XP level 5. HP: 38/44 MP: 7/9
  2708 | D:3      | Found a glowing silver altar of Zin.
  2735 | D:3      | Gained mutation: You have a pair of large horns on your head. [potion of mutation]
  2791 | D:3      | HP: 2/44 [hobgoblin (2)]
  2795 | D:2      | Slain by a hobgoblin

Action                   |  1- 3 |  4- 6 || total
-------------------------+-------+-------++-------
Melee: Unarmed           |   136 |    66 ||   202
 Cast: Beastly Appendage |    11 |     4 ||    15
 Abil: Spit Poison       |     5 |     2 ||     7
  Use: Scroll            |     4 |     4 ||     8
       Potion            |     2 |     4 ||     6
 Stab: Sleeping          |     1 |       ||     1
